 Dungeon Crawl Stone Soup version 0.24-a0-114-g5d539f0 (console) character file.

Game seed: 1607852905553056503

18 Duffy the Chopper (level 2, -3/26 HPs)
             Began as a Naga Gladiator on Feb 15, 2019.
             Slain by an adder (4 damage)
             ... on level 3 of the Dungeon.
             The game lasted 00:00:29 (412 turns).

Duffy the Chopper (Naga Gladiator)                   Turns: 412, Time: 00:00:30

Health: -3/26      AC:  3    Str: 16    XL:     2   Next: 70%
Magic:  2/2        EV: 10    Int:  8    God:
Gold:   10         SH:  0    Dex: 12    Spells: 1/1 levels left

rFire    . . .     SeeInvis +   a - +0 war axe
rCold    . . .     Gourm    .   (no shield)
rNeg     . . .     Faith    .   b - +0 leather armour
rPois    +         Spirit   .   c - +0 helmet
rElec    .         Reflect  .   (no cloak)
rCorr    .         Harm     .   (no gloves)
MR       .....                  (no barding)
Stlth    +.........             (no amulet)
HPRegen  0.08/turn              (no ring)
MPRegen  0.08/turn              (no ring)

@: short of breath, very slow
A: large, see invisible, deformed body, poison resistance, slowness 2, slow
metabolism 1, spit poison 1, AC +0
a: Spit Poison


You were on level 3 of the Dungeon.
You were not hungry.

You visited 1 branch of the dungeon, and saw 3 of its levels.

You collected 10 gold pieces.

Inventory:

Hand Weapons
 a - a +0 war axe (weapon)
Missiles
 d - 3 throwing nets (quivered)
Armour
 b - a +0 leather armour (worn)
 c - a +0 helmet (worn)
Scrolls
 h - 2 scrolls of identify {unknown}
Potions
 e - a potion of agility {unknown}
Comestibles
 f - 2 rations


   Skills:
 - Level 2.0 Fighting
 + Level 3.9 Axes
 - Level 1.7 Throwing
 - Level 2.4 Dodging


You had one spell level left.
You didn't know any spells.
Your spell library was empty.

Dungeon Overview and Level Annotations

Branches:
Dungeon (3/15)

Altars:


Innate Abilities, Weirdness & Mutations

You cannot wear boots.
Your serpentine skin is tough. (AC +0)
You have supernaturally acute eyesight. (SInv)
Armour fits poorly on your strangely shaped body.
Your system is resistant to poisons. (rPois)
You cover ground very slowly.
You have a slow metabolism.
You can spit poison.


Message History

The orc is almost dead.
You feel slightly more hungry. The orc barely misses you.
You closely miss the orc.
The orc is almost dead.
The orc closely misses you.
You hit the orc.
You kill the orc!
You closely miss the kobold. The kobold hits you.
You barely miss the kobold.
You have got your breath back.
The kobold hits you but does no damage. x2
Press: ? - help, Shift-Dir - straight line, f - kobold
Aim: a kobold The splash of poison hits the kobold.
The kobold is poisoned.
You kill the kobold!
You feel slightly more hungry.
You miss the adder. The adder bites you. The adder closely misses you.
You can't do that yet.
You barely miss the adder. The adder bites you. x2
You die...

#...).................
.....................
.....................
####....#...#.......
#....[.#...####.###
#.#[...#...# #.# #
#.#....#.### #.#
#S#....#.# #.#
#@#......# #..
#.#....### ##.
#......# . ###.#### .#
#


You could see an adder.

Vanquished Creatures
  An adder (D:2)
  A leopard gecko (D:3)
  An orc (D:3)
  A goblin (D:2)
  A ball python (D:1)
  A frilled lizard (D:2)
  2 kobolds
  A rat (D:1)
9 creatures vanquished.

Vanquished Creatures (others)
  A frilled lizard (D:1)
  A kobold (D:1)
2 creatures vanquished.

Grand Total: 11 creatures vanquished

Notes
Turn   | Place    | Note
-------+----------+-------------------------------------------
     0 | D:1      | Duffy the Naga Gladiator began the quest for the Orb.
     0 | D:1      | Reached XP level 1. HP: 19/19 MP: 1/1
   106 | D:2      | Reached XP level 2. HP: 5/26 MP: 2/2
   412 | D:3      | HP: 1/26 [adder (1)]
   412 | D:3      | Slain by an adder

Levels and vault maps discovered:
D:1:      giann_bridges, layout_basic, lemuel_flame_loot_1
D:2:      layout_basic, uniq_robin
D:3:      layout_loops_cross, gammafunk_temple_overflow_elements,
          cheibrodos_sewer_entry_drain

Action                   || total
-------------------------++-------
Melee: War axe           ||    33
 Abil: Spit Poison       ||     8
  Use: Potion            ||     1
Armor: Leather armour    ||     9
Dodge: Dodged            ||    32

Table legend:
 A = Non-vault XP
 B = Vault XP
 C = Vault XP percentage of total XP
 D = Non-vault monster count
 E = Vault monster count
 F = Vault count percentage of total count
                 A         B        C        D         E       F
            +---------+---------+-------+---------+---------+-------
      Total |      27 |       0 |   0.0 |       9 |       0 |   0.0
            +---------+---------+-------+---------+---------+-------
        D:1 |       2 |       0 |   0.0 |       2 |       0 |   0.0
        D:2 |      18 |       0 |   0.0 |       4 |       0 |   0.0
        D:3 |       7 |       0 |   0.0 |       3 |       0 |   0.0
            +---------+---------+-------+---------+---------+-------
